 Dungeon Crawl Stone Soup version 0.30.1-5-ged363bc7ee (webtiles) character file.

Game seed: 16075246980994345406

1151 Arctor the Insei (level 8, -5/69 (79) HPs)
             Began as a Pale Draconian Transmuter on Sept 19, 2023.
             Was an Initiate of Vehumet.
             Slain by a wight
             ... wielding a +2 dire flail
              (18 damage)
             ... on level 7 of the Dungeon.
             The game lasted 00:07:26 (3957 turns).

Arctor the Insei (Pale Draconian Transmuter)        Turns: 3957, Time: 00:07:27

HP:   -5/69 (79)    AC:  6    Str: 12    XL:     8   Next: 15%
MP:   19/24         EV: 10    Int: 22    God:    Vehumet [......]
Gold: 175           SH:  0    Dex: 12    Spells: 6/16 levels left

rFire   x . .        h - melded +0 rapier (freeze)
rCold   + + +        (shield currently unavailable)
rNeg    . . .        (body armour unavailable)
rPois   +            (helmet currently unavailable)
rElec   .            (cloak currently unavailable)
rCorr   .            (gloves currently unavailable)
SInv    .            (boots currently unavailable)
Will    .....        (no amulet)
Stlth   +            b - +6 ring of intelligence
HPRegen 0.31/turn    e - ring of magical power
MPRegen 0.19/turn

%: no passive effects
@: ice-form, heavily drained
A: freezing attack, amphibious, boosted hp, (breathe steam), AC +6, large,
unfitting armour, (cold-blooded), (steam resistance)
a: End Transformation, Renounce Religion


You were on level 7 of the Dungeon.
You worshipped Vehumet.
Vehumet was noncommittal.
You were a creature of crystalline ice.
You visited 1 branch of the dungeon, and saw 5 of its levels.

You collected 175 gold pieces.

Inventory:

Hand Weapons
 h - a +0 rapier of freezing (melded)
Jewellery
 b - a +6 ring of intelligence (left front paw)
 e - a ring of magical power (right front paw)
 k - a ring of flight
 n - a +6 ring of dexterity
 p - a ring of magical power
Wands
 l - a wand of iceblast (4)
 q - a wand of flame (7)
Scrolls
 c - a scroll of immolation
 d - 5 scrolls of teleportation {unknown}
 f - 2 scrolls of amnesia
 g - a scroll of poison {unknown}
 j - a scroll of acquirement {unknown}
 m - a scroll of magic mapping {unknown}
 s - a scroll of enchant weapon {unknown}
Potions
 a - a potion of lignification
 i - a potion of invisibility {unknown}
 o - a potion of heal wounds
 r - a potion of haste {unknown}
 t - a potion of flight {unknown}


   Skills:
 - Level 3.7 Fighting
 - Level 3.6 Dodging
 + Level 5.6 Unarmed Combat
 + Level 4.7 Spellcasting
 + Level 5.1 Transmutations


You had 6 spell levels left.
You knew the following spells:

 Your Spells              Type           Power      Damage    Failure   Level
a - Beastly Appendage     Tmut           54%        N/A       1%          1
b - Spider Form           Tmut/Pois      16%        N/A       11%         3
c - Blink                 Tloc           10%        N/A       16%         2
d - Ice Form              Ice/Tmut       16%        N/A       34%         4

Your spell library contained the following spells:

 Spells                   Type           Power      Damage    Failure   Level
 Wereblood                Tmut           27%        N/A       1%          2
 Lesser Beckoning         Tloc           10%        N/A       16%         2
 Momentum Strike          Conj/Tloc      10%        3d8       16%         2
 Call Canine Familiar     Summ           5%         N/A       30%         3
 Portal Projectile        Hex/Tloc       10%        N/A       30%         3
 Cause Fear               Hex            2%         N/A       71%         4
 Leda's Liquefaction      Hex/Erth       2%         N/A       71%         4
 Dragon Form              Tmut           13%        N/A       100%        7
 Dragon's Call            Summ           2%         N/A       100%        9


Dungeon Overview and Level Annotations

Branches:
Dungeon (7/15)
 Temple: D:4-7

Altars:
Okawaru
Uskayaw
Vehumet
Xom
Zin

Shops:
D:2 ?


Innate Abilities, Weirdness & Mutations

You are a creature of crystalline ice.
You have a powerful freezing melee attack.
You are amphibious.
Your maximum health is increased.
Your armour is entirely melded.
You are incapable of wielding weapons or throwing items.
((You can breathe blasts of scalding, opaque steam.))
((Your pale cyan-grey scales are hard. (AC +6)))
You cannot fit into any form of body armour.
((You are cold-blooded and may be slowed by cold attacks.))
((You are immune to the effects of steam.))


Message History

Vehumet accepts your kill.
You see here a +0 club.
You start resting.
HP restored.
There is a stone staircase leading down here.
Casting: Spider Form (dangerous; 11% risk of failure)
Confirm with . or Enter, or press ? or * to list all spells.
You miscast Blink.
You are very lightly contaminated with residual magic.
Nothing appears to happen.
Casting: Blink (safe; 16% risk of failure)
Confirm with . or Enter, or press ? or * to list all spells.
The spell is quite dangerous to miscast (34% risk of failure)!
Continue anyway?
You turn into a creature of crystalline ice.
Your +0 rapier of freezing melds into your body.
Your +0 rapier of freezing stops glowing.
You climb downwards.
The orc hits you with a +0 short sword.
The wight hits you with a +2 dire flail!
You feel drained.
There is a stone staircase leading up here.
You hit the wight but do no damage. The orc closely misses you.
The wight hits you with a +2 dire flail.
You feel drained.
You hit the wight.
The wight is lightly damaged.
The orc barely misses you.
The wight hits you with a +2 dire flail!
You barely miss the wight.
The wight is lightly damaged.
The wight misses you. The orc barely misses you.
The wight hits you with a +2 dire flail!
You feel drained.
The wight hits you from afar with a +0 halberd!
Your magical contamination has completely faded away.
The orc closely misses you. The wight hits you with a +0 flail!
* * * LOW HITPOINT WARNING * * *
You feel drained.
* * * LOW HITPOINT WARNING * * *
The wight hits you with a +2 dire flail!!
You die...

######### #zYzz...#
#.#o..#.#####
#...z.......#######
#.....[.###........
#.......# #####.##.
#.#...#.# #.##.
#.......# #.##z
#.....### #.##)
#.##.## #.##o


You could see 4 wights and an orc.

Vanquished Creatures
  Joseph (D:7)
  A water moccasin (D:6)
  A sky beast (D:6)
  An ice beast (D:6)
  A black bear (D:7)
  A bullfrog (D:6)
  A howler monkey (D:6)
  A hound (D:7)
  2 orc priests
  A jelly (D:6)
  A sleepcap (D:6)
  Jessica (D:2)
  4 orc wizards
  2 adders
  A shadow imp (D:6)
  A worm (D:2)
  A dart slug (D:1)
  14 orcs
  3 bats (D:1)
  7 endoplasms
  A giant cockroach (D:2)
  5 goblins
  6 hobgoblins
  5 jackals
  2 ball pythons
  4 frilled lizards
  3 kobolds
  4 rats
76 creatures vanquished.

Notes
Turn   | Place    | Note
-------+----------+-------------------------------------------
     0 | D:1      | Arctor the Draconian Transmuter began the quest for the
                  | Orb.
     0 | D:1      | Reached XP level 1. HP: 16/16 MP: 3/3
   173 | D:1      | Reached XP level 2. HP: 23/23 MP: 3/5
   866 | D:2      | Reached XP level 3. HP: 25/29 MP: 4/6
   996 | D:2      | Found Oredun's Magic Scroll Boutique.
  1063 | D:2      | Noticed Jessica
  1070 | D:2      | Killed Jessica
  1112 | D:2      | Found a hide-covered altar of Uskayaw.
  1199 | D:2      | Reached XP level 4. HP: 26/36 MP: 7/7
  1388 | D:2      | Learned a level 3 spell: Spider Form
  1877 | D:3      | Found a glowing silver altar of Zin.
  1906 | D:3      | Found an iron altar of Okawaru.
  1975 | D:3      | You fall into a shaft and drop 3 floors!
  1992 | D:6      | Noticed a water moccasin
  2026 | D:6      | Noticed a bullfrog
  2045 | D:6      | Killed a bullfrog
  2046 | D:6      | Reached XP level 5. HP: 34/42 MP: 3/9
  2068 | D:6      | Noticed a sky beast
  2093 | D:6      | Killed a sky beast
  2094 | D:6      | Reached XP level 6. HP: 10/51 MP: 4/10
  2445 | D:6      | Learned a level 2 spell: Blink
  2501 | D:6      | Found a radiant altar of Vehumet.
  2501 | D:6      | Found a shimmering altar of Xom.
  2502 | D:6      | Noticed an ice beast
  2508 | D:6      | Learned a level 4 spell: Ice Form
  2516 | D:6      | Killed an ice beast
  2518 | D:6      | Became a worshipper of Vehumet
  2607 | D:6      | Identified the +6 mace of the Mauling Dove {heavy, Fragile
                  | Fly rElec rF+}
  3126 | D:6      | Killed a water moccasin
  3127 | D:6      | Your scales start taking on a pale cyan-grey colour.
  3127 | D:6      | Reached XP level 7. HP: 53/58 MP: 12/12
  3127 | D:6      | Gained mutation: You are immune to the effects of steam.
                  | [Pale Draconian growth]
  3450 | D:7      | Noticed Joseph
  3585 | D:7      | Killed Joseph
  3586 | D:7      | Reached skill level 5 in Unarmed Combat
  3779 | D:7      | Reached XP level 8. HP: 54/66 MP: 14/14
  3790 | D:7      | Reached skill level 5 in Transmutations
  3957 | D:7      | Slain by a wight

Illustrated notes

Levels and vault maps discovered:
D:1:      minmay_arrival_semitransparent, layout_basic, dk_noncrumbling_3,
          chequers_serial_rivers_small_3
D:2:      layout_basic, serial_shops, shop, basic_altar, uniq_jessica
D:3:      layout_loops_corners, okawaru_ov_weapons_minmay,
          nicolae_overflow_ecumenical_swirl, zin_statuary, serial_shops,
          nicolae_shop_statue_plus, serial_forest,
          infiniplex_forest_lined_room_2, infiniplex_forest_clump_double,
          infiniplex_forest_clump_small, infiniplex_forest_lined_3,
          infiniplex_forest_end_3, infiniplex_forest_lined_4_way,
          infiniplex_forest_lined_4_way, kennysheep_decorative_pillar,
          uniq_crazy_yiuf_cottage
D:6:      layout_basic, jmf_multi_god_temple, dreamdust_princess_corridor
D:7:      layout_loops_cross, mainiacjoe_overflow_six_doors_small, serial_shops,
          nicolae_shop_tiny_glass, minmay_misc_feat_room, uniq_maggie,
          uniq_joseph, uniq_duvessa

Skill      XL: |  1  2  3  4  5  6  7  8 |
---------------+-------------------------+-----
Dodging        | 2 3 |  3.6
Fighting       | 2 3 |  3.7
Transmutations | 3 4 5 |  5.1
Spellcasting   | 3 4 |  4.7
Unarmed Combat | 4 5 |  5.6

Action                     |  1- 3 |  4- 6 |  7- 9 || total
---------------------------+-------+-------+-------++-------
  Melee: Unarmed           |    47 |    82 |    41 ||   170
         Kick              |    16 |     9 |     3 ||    28
         Headbutt          |     9 |     3 |     2 ||    14
         Tailslap          |     6 |     1 |     1 ||     8
         Rapier            |    40 |    36 |    10 ||    86
   Cast: Beastly Appendage |    26 |    14 |     2 ||    42
         Spider Form       |       |     8 |     2 ||    10
         Ice Form          |       |     1 |     3 ||     4
    Use: Scroll            |       |     2 |       ||     2
         Potion            |       |     1 |     2 ||     3
   Stab: Sleeping          |     1 |       |       ||     1
 Armour: Skin              |    35 |    21 |     6 ||    62
  Dodge: Dodged            |    65 |    71 |    45 ||   181
